 Dungeon Crawl Stone Soup version 0.27.1-33-g824d729ab1 (webtiles) character file.

Game seed: 966311577478357491

25441 McKennaii the Thaumaturge (level 12, -1/81 HPs)
             Began as a Demigod Conjurer on Dec 13, 2021.
             Slain by an ancient zyme (7 damage)
             ... on level 3 of the Abyss.
             The game lasted 00:31:08 (16796 turns).

McKennaii the Thaumaturge (Demigod Conjurer)       Turns: 16796, Time: 00:31:09

Health: -1/81      AC:  8    Str:  8    XL:     12   Next: 53%
Magic:  28/35      EV: 17    Int: 42    God:
Gold:   1541       SH:  0    Dex: 12    Spells: 33/40 levels left

rFire    . . .     SeeInvis .   m - +2 trident (vamp)
rCold    . . .     Faith    .   (no shield)
rNeg     . . .     Spirit   .   q - +0 troll leather armour {Purgy}
rPois    .         Reflect  .   (no helmet)
rElec    .         Harm     .   (no cloak)
rCorr    .         Rampage  .   d - +0 pair of gloves
Will     +....                  v - +1 pair of boots
Stlth    ++........             J - amulet of magic regeneration
HPRegen  0.00/turn              k - +4 ring of evasion
MPRegen  0.49/turn              a - +6 ring of intelligence

@: diseased, slowed, very slow
A: high mp 1, forlorn
a: no special abilities


You were on level 3 of the Abyss.
You visited 1 branch of the dungeon, and saw 13 of its levels.
You visited the Abyss 1 time.
You also visited: Bailey.

You collected 1541 gold pieces.

Inventory:

Hand Weapons
 m - a +2 vampiric trident (weapon)
Armour
 d - a +0 pair of gloves (worn)
 q - a +0 troll leather armour (worn) {Purgy}
 v - a +1 pair of boots (worn)
Jewellery
 a - a +6 ring of intelligence (right hand)
 k - a +4 ring of evasion (left hand)
 w - a ring of resist corrosion
 x - a ring of fire
 A - a ring of flight
 J - an amulet of magic regeneration (around neck)
Wands
 h - a wand of polymorph (9)
 i - a wand of iceblast (15)
 y - a wand of flame (32)
 z - a wand of mindburst (15)
Scrolls
 b - 5 scrolls of fear
 c - 2 scrolls of brand weapon {unknown}
 f - 9 scrolls of teleportation
 j - 3 scrolls of magic mapping {unknown}
 n - 2 scrolls of enchant weapon
 r - 2 scrolls of vulnerability {unknown}
 t - 2 scrolls of immolation
 D - a scroll of torment {unknown}
 H - a scroll of blinking {unknown}
 I - 5 scrolls of amnesia
 K - a scroll of identify
Potions
 e - 2 potions of resistance
 g - 3 potions of haste
 l - 3 potions of curing
 o - 2 potions of heal wounds
 p - a potion of invisibility
 s - 4 potions of flight
 u - 2 potions of magic
 B - a potion of brilliance
 C - a potion of ambrosia {unknown}
 E - a potion of cancellation {unknown}
 F - a potion of lignification {unknown}
 G - a potion of degeneration {unknown}


   Skills:
 - Level 4.0 Armour
 - Level 6.0 Dodging
 - Level 1.7 Stealth
 + Level 14.5 Spellcasting
 - Level 10.0 Conjurations
 - Level 2.0 Translocations


You had 33 spell levels left.
You knew the following spells:

 Your Spells              Type           Power      Damage    Failure   Level
a - Magic Dart            Conj           100%       1d8       1%          1
b - Searing Ray           Conj           100%       3d7       1%          2
c - Iskenderun's Mystic   Conj/Tloc      69%        2d14      1%          4

Your spell library contained the following spells:

 Spells                   Type           Power      Damage    Failure   Level
 Call Imp                 Summ           30%        N/A       1%          2
 Slow                     Hex            30%        N/A       1%          2
 Sublimation of Blood     Necr           15%        N/A       1%          2
 Wereblood                Tmut           30%        N/A       1%          2
 Dazzling Flash           Conj/Hex       100%       N/A       1%          3
 Gell's Gravitas          Tloc           23%        N/A       1%          3
 Lesser Beckoning         Tloc           23%        N/A       1%          3
 Mephitic Cloud           Conj/Pois/Air  55%        N/A       1%          3
 Teleport Other           Tloc           47%        N/A       1%          3
 Fulminant Prism          Conj/Hex       32%        3d16      1%          4
 Hailstorm                Conj/Ice       64%        3d14      1%          4
 Confusing Touch          Hex            30%        N/A       4%          3
 Vampiric Draining        Necr           15%        2d8       4%          3
 Irradiate                Conj/Tmut      32%        3d24      4%          5
 Ice Form                 Ice/Tmut       30%        N/A       14%         4
 Petrify                  Tmut/Erth      30%        N/A       14%         4
 Summon Ice Beast         Ice/Summ       30%        N/A       14%         4
 Starburst                Conj/Fire      32%        6d10      26%         6
 Summon Mana Viper        Hex/Summ       30%        N/A       36%         5
 Simulacrum               Ice/Necr       15%        N/A       91%         6
 Monstrous Menagerie      Summ           15%        N/A       100%        7
 Summon Hydra             Summ           15%        N/A       100%        7


Dungeon Overview and Level Annotations

Branches:
Dungeon (13/15)            Temple (0/1) D:6            Lair (0/6) D:8
    Orc (0/2) D:10         Bailey (visited)
 Vaults: D:13-14

Shops:
D:2 [   D:4 =   D:8 (   D:9 *=   D:10 *

Portals:
Trove: D:10 (give 4 potions of resistance)


Innate Abilities, Weirdness & Mutations

Your attributes grow dramatically as you level up.
You have an increased reservoir of magic. (+10% MP)
You shall have no god before yourself.


Message History

You feel better. The harpy zombie claws you!
The harpy zombie claws you but does no damage. x2
The harpy zombie closely misses you.
A smoke demon comes into view.
The freezing wraith barely misses you. The freezing wraith hits you!
The golden eye blinks!
The lich mumbles some strange words.
The lich seems to speed up.
The harpy zombie misses you. The harpy zombie claws you.
The ancient zyme barely misses you. The ancient zyme completely misses you.
You feel ill. The freezing wraith barely misses you.
The freezing wraith closely misses you. The golden eye blinks at you.
You are confused.
Unknown command.
You feel better.
The harpy zombie claws you but does no damage.
The harpy zombie barely misses you. x2
The harpy zombie claws you but does no damage.
The golden eye blinks at you.
You are confused.
The harpy zombie barely misses you. The harpy zombie closely misses you.
The ancient zyme hits you. x2; The freezing wraith barely misses you.
The freezing wraith hits you but does no damage.
The smoke demon gestures at you. Something smites you!
* * * LOW HITPOINT WARNING * * *
A golden eye comes into view.
The ancient zyme hits you.
* * * LOW HITPOINT WARNING * * *
The ancient zyme misses you.
Unknown command.
You feel better.
The golden eye blinks!
The freezing wraith hits you but does no damage.
The freezing wraith hits you!
* * * LOW HITPOINT WARNING * * *
The golden eye blinks at you. You resist with some effort.
The lich closely misses you.
The ancient zyme hits you but does no damage.
The ancient zyme hits you!
You die...

# # .. . .
#. ## ## #
§ # #
.x..#. .#.
#..#.##.#
.
##.#x.#x3#
# ..
...#@#
#.#.WL#
#x.#.G#
#.#..##
.####
#.#.#
#.....
#.###
#...#. #
#### ..
.#.≈.#


You could see a lich (fast), an ancient zyme, a freezing wraith, a smoke demon,
a small abomination (wandering) and a golden eye.

Vanquished Creatures
  A hydra (D:11)
  Harold (D:10)
  A boulder beetle (D:8)
  A death knight (D:9)
  5 two-headed ogres
  Urug (D:10)
  Nergalle (D:10)
  A wizard (D:13)
  An orc knight (Bailey)
  5 cyclopes (D:13)
  An elephant (D:8)
  A gargoyle (D:12)
  4 unseen horrors
  4 kobold demonologists
  Grinder (D:5)
  5 trolls
  2 polar bears (D:10)
  6 slime creatures
  A shadow (D:12)
  2 wyverns
  4 wraiths
  A yak (D:9)
  A vampire (D:12)
  4 humans (D:13)
  6 vampire mosquitoes
  A golden eye (Abyss:3)
  2 steam dragons (D:9)
  2 acid dragons
  2 water moccasins
  Purgy (D:3)
  3 black bears
  9 orc warriors
  7 necrophages
  2 sky beasts
  4 ogres
  12 centaurs
  A kobold brigand (D:10)
  3 bullfrogs
  2 gnoll sergeants
  4 scorpions
  10 wights
  2 howler monkeys (D:7)
  An electric eel (D:11)
  A lava snake (D:13)
  A bullfrog zombie (D:5)
  5 centaur zombies
  A human zombie (D:8)
  9 orc priests
  5 hounds
  5 iguanas
  A bullfrog skeleton (D:5)
  2 centaur skeletons
  A gnoll shaman (D:6)
  11 orc wizards
  Terence (D:3)
  A mummy (D:8)
  4 howler monkey zombies
  15 gnolls
  4 adders
  A white imp (D:6)
  An adder skeleton (D:4)
  3 worms
  41 orcs
  8 ball pythons
  6 endoplasms
  5 giant cockroaches
  14 goblins
  6 hobgoblins
  5 jackals
  4 quokkas
  2 bats (D:3)
  6 frilled lizards
  21 kobolds
  10 rats
  A rat zombie (D:4)
330 creatures vanquished.

Vanquished Creatures (others)
  4 plants (D:11)
4 creatures vanquished.

Grand Total: 334 creatures vanquished

Notes
Turn   | Place    | Note
-------+----------+-------------------------------------------
     0 | D:1      | McKennaii the Demigod Conjurer began the quest for the Orb.
     0 | D:1      | Reached XP level 1. HP: 14/14 MP: 5/5
   102 | D:1      | Reached skill level 2 in Spellcasting
   401 | D:1      | Reached XP level 2. HP: 20/20 MP: 1/8
   476 | D:1      | Learned a level 2 spell: Searing Ray
  1271 | D:2      | Reached skill level 3 in Spellcasting
  1308 | D:2      | Reached XP level 3. HP: 26/26 MP: 1/10
  1707 | D:2      | Noticed an ogre
  1716 | D:2      | Killed an ogre
  1717 | D:2      | Reached skill level 4 in Spellcasting
  1717 | D:2      | Reached XP level 4. HP: 6/33 MP: 5/13
  2131 | D:2      | Reached XP level 5. HP: 38/38 MP: 11/15
  2684 | D:2      | Learned a level 4 spell: Iskenderun's Mystic Blast
  2819 | D:2      | Found Gaunud's Antique Armour Shop.
  3042 | D:3      | Noticed a black bear
  3048 | D:3      | Killed a black bear
  3049 | D:3      | Reached skill level 5 in Spellcasting
  3335 | D:3      | Noticed Terence
  3346 | D:3      | Killed Terence
  3347 | D:3      | Reached XP level 6. HP: 36/45 MP: 5/17
  3957 | D:3      | Noticed Purgy
  3968 | D:3      | Killed Purgy
  3969 | D:3      | Reached skill level 6 in Spellcasting
  4377 | D:4      | Reached skill level 1 in Translocations
  4587 | D:4      | Reached XP level 7. HP: 50/50 MP: 13/20
  4775 | D:4      | Found Omoc's Jewellery Shoppe.
  5486 | D:5      | Entered Level 5 of the Dungeon
  5663 | D:5      | Reached skill level 5 in Conjurations
  5708 | D:5      | Reached skill level 7 in Spellcasting
  5795 | D:5      | Reached XP level 8. HP: 57/57 MP: 14/22
  5953 | D:5      | Noticed Grinder
  5975 | D:5      | Killed Grinder
  6830 | D:6      | Found a staircase to the Ecumenical Temple.
  7082 | D:6      | Reached XP level 9. HP: 57/62 MP: 12/23
  8150 | D:7      | Reached skill level 10 in Conjurations
  8382 | D:7      | Reached skill level 1 in Armour
  8770 | D:8      | Noticed an elephant
  8780 | D:8      | Killed an elephant
  8993 | D:8      | Found a staircase to the Lair.
  9513 | D:8      | Reached skill level 5 in Dodging
  9668 | D:8      | Found Taeklixo's Antique Weapon Shop.
  9695 | D:8      | Noticed a manticore
  9696 | D:8      | Noticed a kobold demonologist
 10203 | D:8      | Noticed a boulder beetle
 10214 | D:8      | Reached XP level 10. HP: 54/69 MP: 19/24
 10315 | D:8      | Killed a boulder beetle
 10592 | D:9      | Found Gentulam's Gadget Gallery.
 10782 | D:9      | Reached skill level 8 in Spellcasting
 10838 | D:9      | Found a flagged portal.
 10946 | Bailey   | Entered a bailey
 11137 | Bailey   | Noticed an orc knight
 11357 | Bailey   | Killed an orc knight
 11497 | Bailey   | Reached skill level 9 in Spellcasting
 11884 | D:9      | Found Ymiepp's Jewellery Shoppe.
 11994 | D:9      | Noticed a death knight
 11998 | D:9      | Noticed a two-headed ogre
 11999 | D:9      | Found a runed translucent door.
 12505 | D:9      | Killed a two-headed ogre
 12512 | D:9      | Reached skill level 10 in Spellcasting
 12548 | D:9      | Killed a death knight
 12549 | D:9      | Reached XP level 11. HP: 40/74 MP: 1/29
 12770 | D:10     | Entered Level 10 of the Dungeon
 12790 | D:10     | Found a portal to a secret trove of treasure.
 12850 | D:10     | Noticed Urug
 12856 | D:10     | Killed Urug
 12907 | D:10     | Noticed Nergalle
 12921 | D:10     | Killed Nergalle
 12922 | D:10     | Reached skill level 11 in Spellcasting
 12968 | D:10     | Noticed a sun demon
 13042 | D:10     | Found Biesh's Bounteous Boutique.
 13407 | D:10     | Noticed Harold
 13417 | D:10     | Killed Harold
 13671 | D:10     | Found a staircase to the Orcish Mines.
 13719 | D:11     | Noticed an eight-headed hydra
 13724 | D:11     | HP: 2/74 [eight-headed hydra (11)]
 13725 | D:11     | Killed an eight-headed hydra
 13726 | D:11     | Reached skill level 12 in Spellcasting
 13975 | D:11     | Noticed a two-headed ogre
 13981 | D:11     | Killed a two-headed ogre
 14338 | D:11     | Noticed a two-headed ogre
 14344 | D:11     | Killed a two-headed ogre
 14450 | D:11     | Noticed a two-headed ogre
 14459 | D:11     | Killed a two-headed ogre
 14910 | D:12     | Reached skill level 13 in Spellcasting
 15048 | D:12     | Reached XP level 12. HP: 54/81 MP: 24/34
 15732 | D:13     | Identified the +12 hunting sling of Irritation {venom, rF+
                  | rN+}
 16077 | D:13     | Reached skill level 14 in Spellcasting
 16546 | D:13     | Cast into level 3 of the Abyss (a wizard)
 16594 | Abyss:3  | Noticed a starcursed mass
 16779 | Abyss:3  | Noticed a lich
 16796 | Abyss:3  | Slain by an ancient zyme

Illustrated notes

Levels and vault maps discovered:
D:1:      minmay_arrival_wavy_path, layout_rooms, basic_ecumenical_altar,
          hangedman_decor_diamond_cutter, minmay_hedge_maze
D:2:      layout_basic, serial_shops, nicolae_shop_trees, basic_altar
D:3:      layout_basic, nicolae_ashenzari_skybound, mainiacjoe_overflow_paths,
          eat_drink_and_be_merry_uskayaw, cheibriados_altar_1, minmay_pentangle,
          uniq_purgy, uniq_terence
D:4:      layout_loops_cross, lemuel_zombie_altar_kikubaaqudgha, serial_rivers,
          chequers_serial_rivers_marsh, chequers_serial_rivers_room_b,
          chequers_serial_rivers_micro_e, chequers_serial_rivers_small_3,
          serial_shops, nicolae_shop_stone
D:5:      layout_rooms, nicolae_sif_muna_little_library, uniq_grinder
D:6:      layout_loops_ring, nicolae_ru_awakened_eye, temple_green
D:7:      layout_loops_ring, okawaru_metal_pillars_1_2
D:8:      layout_cave_pods, grunt_temple_overflow_gold_and_silver,
          lemuel_mausoleum_altar_yredelemnul, david_lair_generic, serial_shops,
          nicolae_inconvenience_store, lightli_corner_chamber
D:9:      layout_grid_maze, enter_bailey_5, serial_shops,
          nicolae_shop_window_shopping, st_stairs_11, minmay_st_funbox,
          nicolae_shop_gadgets
D:10:     layout_basic, nicolae_wu_jian_wuxing_cycle, trog_ov_bears_minmay,
          orc_0_dummy, enter_trove_1, nicolae_alphabet_shops, uniq_urug,
          uniq_nergalle, uniq_harold
D:11:     layout_stronghold, serial_bayou, serial_bayou_shore_b,
          serial_bayou_crossing, serial_bayou_pond_b, serial_bayou_pond_d
D:12:     layout_long_grid
D:13:     cheibrodos_breeding_chamber, layout_loops_corners,
          grunt_vaults_entry_tiered, grunt_decor_junction
Abyss:3:  base: D:13, guppyfry_abyss_exit_glass_guarded

Skill      XL: |  1  2  3  4  5  6  7  8  9 10 11 12 |
---------------+-------------------------------------+-----
Spellcasting   | 2 3 4 5 6 7 10 13 14 | 14.5
Translocations | 1 2 |  2.0
Conjurations   | 4 5 9 10 | 10.0
Dodging        | 5 6 |  6.0
Armour         | 4 |  4.0
Stealth        | |  1.7

Action                   |  1- 3 |  4- 6 |  7- 9 | 10-12 || total
-------------------------+-------+-------+-------+-------++-------
Melee: Unarmed           |    21 |       |     1 |       ||    22
       Trident           |       |       |       |    26 ||    26
 Cast: Magic Dart        |    73 |   120 |   178 |    99 ||   470
       Searing Ray       |     3 |     9 |    65 |   109 ||   186
       Iskenderun's Myst |       |       |    15 |    85 ||   100
Evoke: Wand              |       |       |       |    29 ||    29
  Use: Potion            |       |       |     2 |     4 ||     6
       Scroll            |       |       |    10 |     3 ||    13
Armor: Robe              |     8 |     6 |       |       ||    14
       Troll leather arm |       |     2 |    17 |    71 ||    90
       Skin              |       |       |       |     1 ||     1
Dodge: Dodged            |    26 |    23 |    41 |   141 ||   231
Block: Other             |       |       |    12 |    12 ||    24
       Reflection        |       |       |     1 |     2 ||     3
